 Dungeon Crawl Stone Soup version 0.25-a0-591-g2ad0d86 (webtiles) character file.

Game seed: 13688258583385063271, levelgen mode: deterministic

406 Firecrotchwizard the Slasher (level 6, 0/56 HPs)
             Began as a Minotaur Fighter on Mar 14, 2020.
             Was an Initiate of Okawaru.
             Slain by Edmund
             ... wielding a +0 vorpal dire flail
              (12 damage)
             ... on level 4 of the Dungeon.
             The game lasted 00:05:53 (3342 turns).

Firecrotchwizard the Slasher (Minotaur Fighter)     Turns: 3342, Time: 00:05:54

Health: 0/56       AC:  0    Str: 21    XL:     6   Next: 56%
Magic:  5/5        EV: 13    Int:  6    God:    Okawaru [......]
Gold:   68         SH:  0    Dex: 10    Spells: 5/5 levels left

rFire    . . .     SeeInvis .   (weapon currently unavailable)
rCold    . . .     Gourm    .   (shield currently unavailable)
rNeg     . . .     Faith    .   (armour currently unavailable)
rPois    .         Spirit   .   (helmet currently unavailable)
rElec    .         Reflect  .   (cloak currently unavailable)
rCorr    .         Harm     .   (gloves currently unavailable)
MR       .....                  (boots currently unavailable)
Stlth    +.........             (no amulet)
HPRegen  0.18/turn              (ring currently unavailable)
MPRegen  0.09/turn              (ring currently unavailable)

@: pig-form, very quick
A: small, (retaliatory headbutt)
a: Renounce Religion


You were on level 4 of the Dungeon.
You worshipped Okawaru.
Okawaru was noncommittal.
You were not hungry.
You were a filthy swine.
You visited 1 branch of the dungeon, and saw 4 of its levels.

You collected 68 gold pieces.

Inventory:

Hand Weapons
 a - a +0 long sword (melded)
Armour
 b - a +0 scale mail
 c - a +0 kite shield (melded)
 n - a +0 chain mail (melded)
   (You found it on level 2 of the Dungeon)
Jewellery
 i - a ring of resist corrosion (melded)
   (You found it on level 1 of the Dungeon)
Scrolls
 e - 3 scrolls of amnesia {unknown}
 h - 2 scrolls of fear {unknown}
 j - 2 scrolls of teleportation {unknown}
 k - 2 scrolls of enchant armour {unknown}
 l - a scroll of immolation {unknown}
 m - 2 scrolls of identify {unknown}
 o - 4 scrolls of enchant weapon {unknown}
 p - a scroll of magic mapping {unknown}
 r - a scroll of remove curse {unknown}
Potions
 q - a potion of lignification {unknown}
Comestibles
 d - a chunk of flesh {@w0}
 f - 11 rations


   Skills:
 + Level 5.1 Fighting
 * Level 5.7 Long Blades
 + Level 5.1 Armour
 + Level 5.1 Shields


You had 5 spell levels left.
You didn't know any spells.
Your spell library was empty.

Dungeon Overview and Level Annotations

Branches:
Dungeon (4/15)             Temple (0/1) D:4

Altars:
Kikubaaqudgha
Okawaru
Ru
The Shining One

Annotations:
D:2 1 runed translucent door, Crazy Yiuf
D:4 Edmund, Sigmund


Innate Abilities, Weirdness & Mutations

((You reflexively headbutt those who attack you in melee.))
((You have a pair of horns on your head.))


Message History

You feel sick. x3
You are no longer poisoned.
You take 1 damage, and have 31/56 hp.
You start resting.
You feel yourself speed up.
You start resting.
Eating one of 5 chunks of flesh {@w0}.
You eat one of the 5 chunks of flesh {@w0}.
Some of the chunks of flesh in your inventory have rotted away.
Health restored: 56 You butcher the orc corpse.
d - 7 chunks of flesh {@w0} (gained 4)
You butcher the orc corpse.
d - 9 chunks of flesh {@w0} (gained 2)
Items here: ( )) [ ÷÷ a +0 flail; 3 boomerangs; a +0 leather armour; a +0 short sword of flaming an orc skeleton x2
Items here: ( )) [ ÷÷ a +0 flail; 3 boomerangs; a +0 leather armour; a +0 short sword of flaming an orc skeleton x2
Found an escape hatch in the ceiling.
k - 2 scrolls labeled KUIPUT LISTRIH (gained 1)
Things that are here:
a +0 hunting sling; 18 stones; a goblin skeleton
Things that are here:
a +0 club; a hobgoblin skeleton
Items here: ) [[ ÷ a +0 club; a +0 animal skin; a cursed +0 helmet the hobgoblin skeleton of Robin You now have 60 gold pieces (gained 15).
Found a stone staircase leading up.
Items here: ( )) ÷÷ a cursed -1 club; a +0 hunting sling; 10 stones; a hobgoblin skeleton x2
Some of the chunks of flesh in your inventory have rotted away.
An adder skeleton comes into view.
An adder skeleton is nearby!
A leopard gecko comes into view.
The leopard gecko hisses angrily.
Found a staircase to the Ecumenical Temple.
You hit the adder skeleton. You block the adder skeleton's attack.
You slash the adder skeleton!
You destroy the adder skeleton!
Okawaru accepts your kill. The leopard gecko barely misses you.
You furiously retaliate!
You headbutt the leopard gecko. You barely miss the leopard gecko.
You block the leopard gecko's attack.
You slash the leopard gecko!
You kill the leopard gecko!
Okawaru accepts your kill.
No target in view!
You butcher the leopard gecko corpse.
d - 4 chunks of flesh {@w0} (gained 1)
You see here a leopard gecko skeleton. x2
You now have 68 gold pieces (gained 8).
You see here 25 stones.
Some of the chunks of flesh in your inventory have rotted away.
Sigmund the Dreaded comes into view.
He is wielding a +0 scythe.
Sigmund shouts!
Sigmund moves out of view.
Edmund the Younger comes into view.
He is wielding a +0 vorpal dire flail and carrying a wand of polymorph (5).
Edmund shouts!
Sigmund casts a spell at you. The magic dart hits you.
Edmund clears his throat.
You take 1 damage, and have 55/56 hp.
Sigmund flickers, as though insubstantial.
Found a stone staircase leading down.
Health restored: 56 Sigmund points at you and mumbles some strange words.
The magic dart hits you but does no damage.
Sigmund barely misses you.
You hit Sigmund. You slash Edmund! You block Sigmund's attack.
Edmund hits you with a +0 vorpal dire flail!
You take 9 damage, and have 47/56 hp.
Your shield and chain mail prevent you from hitting Edmund.
You block Sigmund's attack.
Edmund hits you with a +0 vorpal dire flail.
You take 7 damage, and have 40/56 hp.
You hit Edmund.
Edmund hits you with a +0 vorpal dire flail.
Sigmund hits you from afar with a +0 scythe!
You take 14 damage, and have 26/56 hp.
MASSIVE DAMAGE!!
You completely miss Edmund.
Edmund zaps a wand.
You resist with some effort. You block Sigmund's attack.
You hit Edmund but do no damage. You block Edmund's attack.
You barely miss Edmund.
Edmund zaps a wand.
You turn into a filthy swine.
Your +0 long sword melds into your body.
Your +0 kite shield melds into your body.
Your +0 chain mail melds into your body.
Your ring of resist corrosion melds into your body.
Sigmund hits you from afar with a +0 scythe!
* * * LOW HITPOINT WARNING * * *
Edmund clears his throat.
Edmund hits you with a +0 vorpal dire flail!
You die...

...# ...# ...##
#..(########
...........### #####
#.....÷###@..## #...#
#......# ###..#
##.#.## #...⌠..#
##.######## #....#.
#......# #.@@h....###
#...... #.⌠.>.⌠.#
########...# ##..#..#
##.......>
#.........###......#
#..⌠..#..
#.........#.....#.##
#......
.........<....###.#
#.............##...##
......................
........(.####.####...
#.........##.....##..#


You could see Edmund and Sigmund.

Vanquished Creatures
  A hound (D:3)
  3 orc priests (D:3)
  An orc wizard (D:4)
  A bullfrog skeleton (D:4)
  Jessica (D:2)
  A worker ant (D:4)
  Robin (D:4)
  4 adders
  4 gnolls
  An ooze (D:2)
  An adder skeleton (D:4)
  2 worms (D:3)
  A dart slug (D:1)
  3 leopard geckos
  5 orcs
  3 giant cockroaches
  13 goblins
  9 hobgoblins
  4 jackals
  3 quokkas (D:2)
  A ball python (D:3)
  7 bats
  3 frilled lizards (D:2)
  4 kobolds
  A leopard gecko zombie (D:3)
  9 rats
87 creatures vanquished.

Notes
Turn   | Place    | Note
-------+----------+-------------------------------------------
     0 | D:1      | Firecrotchwizard the Minotaur Fighter began the quest for
                  | the Orb.
     0 | D:1      | Reached XP level 1. HP: 19/19 MP: 0/0
    72 | D:1      | Reached XP level 2. HP: 27/27 MP: 1/1
   113 | D:1      | Reached skill level 3 in Long Blades
   301 | D:1      | Reached skill level 4 in Fighting
   307 | D:1      | Reached skill level 4 in Armour
   307 | D:1      | Reached skill level 4 in Shields
   307 | D:1      | Reached XP level 3. HP: 21/33 MP: 2/2
  1054 | D:2      | Noticed Jessica
  1057 | D:2      | Killed Jessica
  1057 | D:2      | Reached XP level 4. HP: 36/40 MP: 3/3
  1182 | D:2      | Reached skill level 4 in Long Blades
  1391 | D:2      | Found a runed translucent door.
  1392 | D:2      | Noticed Crazy Yiuf
  1450 | D:2      | Reached XP level 5. HP: 47/47 MP: 4/4
  1598 | D:3      | Found an ancient bone altar of Kikubaaqudgha.
  2387 | D:3      | Reached skill level 5 in Long Blades
  2388 | D:3      | Reached XP level 6. HP: 16/55 MP: 5/5
  2850 | D:3      | Found a glowing golden altar of the Shining One.
  2859 | D:3      | Found a sacrificial altar of Ru.
  2971 | D:4      | Noticed Robin
  2973 | D:4      | Reached skill level 5 in Shields
  2988 | D:4      | Reached skill level 5 in Fighting
  2989 | D:4      | Found an iron altar of Okawaru.
  2998 | D:4      | Killed Robin
  2998 | D:4      | Reached skill level 5 in Armour
  3014 | D:4      | Became a worshipper of Warmaster Okawaru
  3298 | D:4      | Found a staircase to the Ecumenical Temple.
  3311 | D:4      | Noticed Sigmund
  3314 | D:4      | Noticed Edmund
  3342 | D:4      | HP: 12/56 [Sigmund/+0 scythe (15)]
  3342 | D:4      | Slain by Edmund

Levels and vault maps discovered:
D:1:      tarquinn_simple_flora_water_e, layout_rooms
D:2:      layout_basic, uniq_crazy_yiuf_cottage, uniq_jessica
D:3:      layout_basic, amethyst_overflow_temple_binary,
          kiku_gazebo_garden_becter, first_ration, roderic_lattice_a
D:4:      layout_rooms, old_standard_altar, temple_fountains, uniq_sigmund,
          uniq_robin, uniq_edmund

Skill      XL: |  1  2  3  4  5  6 |
---------------+-------------------+-----
Long Blades    | 3 4 5 |  5.7
Fighting       | 4 5 |  5.1
Armour         | 4 5 |  5.1
Shields        | 4 5 |  5.1

Action                   |  1- 3 |  4- 6 || total
-------------------------+-------+-------++-------
Melee: Long sword        |    87 |   165 ||   252
       Headbutt          |    11 |    27 ||    38
  Use: Potion            |       |     1 ||     1
  Eat: Chunk             |     1 |     7 ||     8
Armor: Scale mail        |    40 |       ||    40
       Chain mail        |       |    97 ||    97
Dodge: Dodged            |    20 |    35 ||    55
Block: Kite shield       |    38 |   102 ||   140
       Rpst.: Long sword |     6 |    10 ||    16

Table legend:
 A = Non-vault XP
 B = Vault XP
 C = Vault XP percentage of total XP
 D = Non-vault monster count
 E = Vault monster count
 F = Vault count percentage of total count
                 A         B        C        D         E       F
            +---------+---------+-------+---------+---------+-------
      Total |     509 |      71 |  12.2 |      75 |      12 |  13.8
            +---------+---------+-------+---------+---------+-------
        D:1 |      48 |       0 |   0.0 |      22 |       0 |   0.0
        D:2 |     117 |      37 |  24.0 |      24 |       1 |   4.0
        D:3 |     204 |       0 |   0.0 |      20 |       0 |   0.0
        D:4 |     140 |      34 |  19.5 |       9 |      11 |  55.0
            +---------+---------+-------+---------+---------+-------

Levels and vault maps discovered:
D:1:      tarquinn_simple_flora_water_e, layout_rooms
D:2:      layout_basic, uniq_crazy_yiuf_cottage, uniq_jessica
D:3:      layout_basic, amethyst_overflow_temple_binary,
          kiku_gazebo_garden_becter, first_ration, roderic_lattice_a
D:4:      layout_rooms, old_standard_altar, temple_fountains, uniq_sigmund,
          uniq_robin, uniq_edmund

Table legend:
 A = Turns spent in this place as a percentage of turns spent in the entire game.
 B = Non-inter-level travel turns spent in this place as a percentage of non-inter-level travel turns spent in the entire game.
 C = Inter-level travel turns spent in this place as a percentage of turns spent in this place.
 D = Turns resting spent in this place as a percentage of non-inter-level travel turns spent in this place.
 E = Turns spent auto-exploring this place as a percentage of non-inter-level travel turns spent in this place.
 F = Non-inter-level travel turns spent in this place divided by the number of levels of this place that you've seen.
                   A       B       C       D       E      F
               +-------+-------+-------+-------+-------+----------------------
         Total | 100.0 | 100.0 |   3.7 |  27.0 |  56.9 | 804.5
       Dungeon | 100.0 | 100.0 |   3.7 |  27.0 |  56.9 | 804.5
               +-------+-------+-------+-------+-------+----------------------

Table legend:
 A = Kills in this place as a percentage of kills in entire the game.
 B = Kills by you in this place as a percentage of kills by you in the entire game.
 C = Kills by friends in this place as a percentage of kills by friends in the entire game.
 D = Other kills in this place as a percentage of other kills in the entire game.
 E = Experience gained in this place as a percentage of experience gained in the entire game.
 F = Experience gained in this place divided by the number of levels of this place that you have seen.
                   A       B       C       D       E      F
               +-------+-------+-------+-------+-------+----------------------
         Total | 100.0 | 100.0 |   N/A |   N/A | 100.0 | 145.0
       Dungeon | 100.0 | 100.0 |   N/A |   N/A | 100.0 | 145.0
               +-------+-------+-------+-------+-------+----------------------
